 Dungeon Crawl Stone Soup version 0.28-a0-425-gd0eccab798 (webtiles) character file.

Game seed: 10086932331169611560

473 bande the Covered (level 7, -10/44 HPs)
             Began as a Gargoyle Fighter on Sept 10, 2021.
             Mangled by Duvessa (11 damage)
             ... on level 4 of the Dungeon.
             The game lasted 00:06:48 (4113 turns).

bande the Covered (Gargoyle Fighter)                Turns: 4113, Time: 00:06:48

Health: -10/44     AC: 15    Str: 20 (21) XL:     7   Next: 10%
Magic:  7/7        EV:  7    Int:  6 (8)  God:
Gold:   166        SH:  4    Dex:  8 (10) Spells: 6/6 levels left

rFire   . . .      SeeInvis .   e - +2 hand axe (flame)
rCold   . . .      Faith    .   c - +0 buckler
rNeg    + . .      Spirit   .   p - +0 chain mail
rPois   ∞          Reflect  .   k - +0 helmet
rElec   +          Harm     .   (no cloak)
rCorr   .          Rampage  .   (no gloves)
Will    .....                   (no boots)
Stlth   ..........              (no amulet)
HPRegen 0.14/turn               (no ring)
MPRegen 0.10/turn               (no ring)

@: no status effects
A: sickness immunity, AC +4, negative energy resistance 1, electricity
resistance, torment resistance 1, petrification resistance
a: no special abilities


You were on level 4 of the Dungeon.
You visited 1 branch of the dungeon, and saw 4 of its levels.

You collected 166 gold pieces.

Inventory:

Hand Weapons
 a - a +1 war axe
 e - a +2 hand axe of flaming (weapon)
 t - a +0 morningstar
Armour
 c - a +0 buckler (worn)
 k - a +0 helmet (worn)
 p - a +0 chain mail (worn)
Jewellery
 g - a ring of wizardry
Wands
 b - a wand of acid (6)
 n - a wand of charming (6)
 r - a wand of flame (16)
 s - a wand of iceblast (7)
Scrolls
 i - 2 scrolls of blinking
 j - 2 scrolls of teleportation
Potions
 d - a potion of might
 f - a potion of haste
 l - a potion of resistance {unknown}


   Skills:
 + Level 4.4 Fighting
 + Level 4.1 Axes
 + Level 5.0 Armour
 + Level 4.2 Shields
 * Level 2.2 Evocations


You had 6 spell levels left.
You didn't know any spells.
Your spell library contained the following spells:

 Spells                   Type           Power      Damage    Failure   Level
 Ensorcelled Hibernation  Hex/Ice        0%         N/A       100%        2
 Tukima's Dance           Hex            0%         N/A       100%        3


Dungeon Overview and Level Annotations

Branches:
Dungeon (4/15)
 Temple: D:4-7

Altars:
Ashenzari
Elyvilon
Nemelex Xobeh
Trog

Shops:
D:1 ([:*

Annotations:
D:4 Duvessa


Innate Abilities, Weirdness & Mutations

You are immune to sickness and miasma.
Your stone body is resilient. (AC +4)
You are immune to poison.
You resist negative energy. (rN+)
You are resistant to electric shocks. (rElec)
You are resistant to unholy torment.
You are immune to petrification.


Message History

Duvessa is heavily wounded.
You hit Dowan. You burn Dowan. Dowan hits you but does no damage.
Duvessa hits you with a +0 short sword.
Unknown command.
You barely miss Duvessa.
Duvessa is heavily wounded.
You closely miss Dowan. Dowan hits you but does no damage.
Duvessa closely misses you.
Your chain mail prevents you from hitting Duvessa.
Duvessa is heavily wounded.
You hit Dowan but do no damage. Dowan closely misses you.
Duvessa hits you with a +0 short sword.
Unknown command.
You barely miss Duvessa.
Duvessa is heavily wounded.
You hit Dowan. You burn Dowan.
You kill Dowan!
Duvessa screams, "No!
How DARE you!"
Duvessa goes berserk!
Duvessa hits you with a +0 short sword. You block Duvessa's attack.
You feel your intelligence returning.
Your Armour skill increases to level 5!
You have reached level 7!
You barely miss Duvessa.
Duvessa is moderately wounded.
Duvessa hits you with a +0 short sword.
You hit Duvessa but do no damage.
Duvessa is moderately wounded.
Duvessa barely misses you. Duvessa hits you with a +0 short sword.
Your chain mail prevents you from hitting Duvessa.
Duvessa is moderately wounded.
Duvessa barely misses you. Duvessa hits you with a +0 short sword!
You barely miss Duvessa.
Duvessa is moderately wounded.
Duvessa hits you with a +0 short sword!
* * * LOW HITPOINT WARNING * * *
You barely miss Duvessa.
Duvessa is moderately wounded.
You block Duvessa's attack. Duvessa hits you with a +0 short sword!
You die...

#.##...........
#.##.######.###
#.#...####...##
#......##.###.#
#.........# #..
#......##.###..
#.....####....#
####..#.######(#.#
#@)..........)....
#e##[.#.##.#.#.#.)
#$##......###..#))
#.###...##.#.###..
#.# ##..###.####..
#.# #..# #.#.....
#.# #.)# #.#.##..
#)# #..# #.#.##..
#.# #..# #.#.#...


You could see Duvessa (berserk).

Vanquished Creatures
  Eustachio (D:4)
  Dowan (D:4)
  A jelly (D:4)
  2 orc priests
  A bullfrog skeleton (D:4)
  An iguana (D:4)
  An orc wizard (D:3)
  3 gnolls (D:3)
  An adder (D:2)
  A worm (D:2)
  4 dart slugs
  5 orcs
  8 endoplasms
  6 giant cockroaches
  6 goblins
  8 hobgoblins
  9 kobolds
  6 quokkas
  4 ball pythons
  5 bats
  2 frilled lizards (D:2)
  10 rats
86 creatures vanquished.

Notes
Turn   | Place    | Note
-------+----------+-------------------------------------------
     0 | D:1      | bande the Gargoyle Fighter began the quest for the Orb.
     0 | D:1      | Reached XP level 1. HP: 14/14 MP: 1/1
   106 | D:1      | Found Xivuho's General Store.
   131 | D:1      | Found Astrumawk's Book Boutique.
   144 | D:1      | Reached XP level 2. HP: 17/19 MP: 2/2
   353 | D:1      | Found Qymip's Antique Armour Shoppe.
   561 | D:1      | Reached XP level 3. HP: 23/24 MP: 3/3
   582 | D:1      | Found Dumontarph's Antique Weapon Shop.
  1324 | D:2      | You fall into a shaft and drop 1 floor!
  1408 | D:3      | Reached XP level 4. HP: 13/29 MP: 4/4
  1412 | D:3      | Reached skill level 4 in Armour
  1706 | D:3      | Reached skill level 1 in Evocations
  1706 | D:3      | Reached XP level 5. HP: 6/33 MP: 5/5
  2309 | D:2      | Found a faded altar of an unknown god.
  2825 | D:2      | Found a sparkling altar of Nemelex Xobeh.
  3317 | D:3      | Found a white marble altar of Elyvilon.
  3318 | D:3      | Found a sparkling altar of Nemelex Xobeh.
  3319 | D:3      | Found a bloodstained altar of Trog.
  3320 | D:3      | Found a broken altar of Ashenzari.
  3794 | D:4      | Reached XP level 6. HP: 38/38 MP: 6/6
  3900 | D:4      | Noticed Eustachio
  3914 | D:4      | Killed Eustachio
  4079 | D:4      | Noticed Duvessa
  4081 | D:4      | Noticed Dowan
  4108 | D:4      | Killed Dowan
  4109 | D:4      | Reached skill level 5 in Armour
  4109 | D:4      | Reached XP level 7. HP: 28/44 MP: 7/7
  4112 | D:4      | HP: 1/44 [Duvessa (14)]
  4113 | D:4      | Mangled by Duvessa

Illustrated notes

Levels and vault maps discovered:
D:1:      dpeg_arrival_houses_and_road, layout_loops_ring, serial_shops,
          nicolae_shop_temple_entry_statues_fountains, shop_fountains, shop,
          shop, minmay_heptomino_h4
D:2:      minmay_recursive_quarters, layout_basic, basic_altar,
          shapermc_ecumenical_altar_gd, minmay_hedge_maze,
          chequers_serial_rivers_small_b, dk_noncrumbling_3, minmay_box_of_dots
D:3:      layout_basic, mainiacjoe_overflow_alcove_3, minmay_tree_intersection,
          kennysheep_potato
D:4:      layout_loops_ring, uniq_duvessa, uniq_eustachio

Skill      XL: |  1  2  3  4  5  6 |
---------------+-------------------+-----
Axes           | 2 3 4 |  4.1
Armour         | 4 5 |  5.0
Evocations     | 1 2 |  2.2
Fighting       | 4 |  4.4
Shields        | 4 |  4.2

Action                   |  1- 3 |  4- 6 |  7- 9 || total
-------------------------+-------+-------+-------++-------
Melee: Hand axe          |    78 |   159 |     5 ||   242
  Use: Scroll            |     4 |     4 |       ||     8
       Potion            |       |     5 |       ||     5
Armor: Scale mail        |    35 |       |       ||    35
       Chain mail        |       |   103 |       ||   103
Dodge: Dodged            |    31 |    60 |     2 ||    93
Block: Buckler           |    10 |    35 |     1 ||    46

Table legend: (Time is in decaauts)
 A = Elapsed time spent in this place.
 B = Non-inter-level travel time spent in this place.
 C = Inter-level travel time spent in this place.
 D = Time resting spent in this place.
 E = Time spent auto-exploring this place.
 F = Levels seen in this place.
 G = Mean time per level.
                   A        B        C        D        E       F      G
               +--------+--------+--------+--------+--------+-----+--------+
         Total |   4154 |   4086 |     68 |    719 |   2664 |   4 | 1038.5 |
       Dungeon |   4154 |   4086 |     68 |    719 |   2664 |   4 | 1038.5 |
               +--------+--------+--------+--------+--------+-----+--------+

Top non-repeatable levels by time:
     D:3: 1298 daAuts
     D:2: 1219 daAuts
     D:1: 1018 daAuts
     D:4: 618 daAuts
